AoeStats
← Pwncakes

Nomad

508915963Analyzed
4v4 RM · 7d ago on Sep 24, 2026· 42m 28s· 8 players
Game mode
Random Map
Map size
231×231
Population
200
Speed
Normal
Resources
Standard
Victory
Conquest
Starting age
Dark Age
Ending age
Imperial Age
RankedLock teamsTeams togetherTeam positionsShared explorationLock speedFull tech treeHidden civsTurbo modeCheats
Victory
Defeat
🇫🇷 Japanese · France
1474
+13
🇩🇪 Spanish · Germany
1448
+14
🇪🇨 Khitans · Ecuador
1406
+15
🇩🇪 Spanish · Germany
1402
+15
🇺🇸 Varangians · United States
1433
-17
🇦🇷 Huns · Argentina
1398
-14
🇲🇽 Danes · Mexico
1398
-14
🇨🇴 Persians · Colombia
1348
-12
Erg_Raider
5:20 Loom
14:17 Feudal Age
18:04 Castle Age
17:22 Fletching
18:54 Fishing Lines
19:02 Double-Bit Axe
20:21 Bow Saw
20:34 Medium Warships
24:38 Horse Collar
26:24 Wheelbarrow
26:57 Gold Mining
28:01 Hand Cart
31:37 Husbandry
33:13 Padded Archer Armor
34:29 Heavy Plow
38:18 Imperial Age
36:15 Bloodlines
36:13 Scale Barding Armor
36:51 Forging
36:04 Light Cavalry
39:00 Leather Archer Armor
39:06 Chain Barding Armor
38:56 Elite Conquistador
39:57 Conscription
39:22 Elite Conquistador
40:11 Bodkin Arrow
40:51 Iron Casting
39:41 Hussar
42:04 Two-Man Saw
41:23 Stone Mining
42:12 Ring Archer Armor
KOF ELGRANKUSKING
4:43 Loom
13:23 Feudal Age
13:52 Town Watch
18:13 Castle Age
17:04 Fletching
19:13 Bodkin Arrow
20:26 Double-Bit Axe
25:49 Domestication
28:20 Husbandry
30:43 Wheelbarrow
30:11 Stone Mining
32:46 Ballistics
33:42 Forging
34:00 Scale Barding Armor
34:46 Gold Mining
38:43 Imperial Age
37:16 Thumb Ring
38:15 Heavy Cavalry Archer
39:45 Bracer
40:59 Chemistry
40:22 Bow Saw
40:14 Pastoralism
42:33 Hand Cart
43:21 Two-Man Saw
42:56 Transhumance
43:17 Chain Barding Armor
43:33 Iron Casting
Laljia
7:14 Loom
14:21 Feudal Age
16:00 Stone Mining
18:19 Castle Age
16:49 Gold Mining
17:44 Double-Bit Axe
19:14 Horse Collar
19:56 Heavy Plow
26:17 Padded Archer Armor
29:15 Fletching
29:13 Town Watch
29:58 Husbandry
30:44 Leather Archer Armor
30:30 Bodkin Arrow
32:05 Wheelbarrow
32:08 Bloodlines
34:11 Bow Saw
38:22 Imperial Age
39:37 Ring Archer Armor
40:13 Conscription
39:26 Elite Conquistador
hypn0s
5:33 Loom
13:27 Feudal Age
18:38 Castle Age
28:35 Forging
29:11 Fishing Lines
29:42 Double-Bit Axe
30:21 Scale Mail Armor
31:05 Horse Collar
32:30 Wheelbarrow
32:12 Bow Saw
34:00 Fletching
34:46 Iron Casting
35:43 Herbal Medicine
39:51 Chain Mail Armor
39:46 Arson
44:52 Imperial Age
42:36 Heavy Plow
.|.
7:08 Loom
12:18 Feudal Age
16:19 Castle Age
15:56 Stone Mining
16:27 Town Watch
16:50 Double-Bit Axe
19:13 Fletching
24:51 Ballistics
27:26 Horse Collar
33:38 Wheelbarrow
34:20 Murder Holes
34:58 Bodkin Arrow
36:04 Gold Mining
39:55 Imperial Age
Pwncakes
4:41 Loom
14:22 Feudal Age
14:49 Double-Bit Axe
14:56 Gold Mining
17:52 Wheelbarrow
17:54 Fishing Lines
20:51 Castle Age
19:32 Scale Barding Armor
20:13 Bloodlines
20:26 Forging
21:01 Horse Collar
21:47 Medium Warships
21:57 Bow Saw
22:30 Gillnets
24:17 Husbandry
24:17 Husbandry
24:50 Scale Mail Armor
26:36 Chain Barding Armor
32:11 Fletching
32:31 Guard Tower
36:48 Town Watch
38:20 Bodkin Arrow
40:24 Ballistics
PistonForjado
13:01 Loom
14:47 Feudal Age
19:20 Castle Age
17:35 Double-Bit Axe
20:10 Gold Mining
20:10 Stone Mining
22:14 Medium Warships
21:45 Fishing Lines
22:29 Fishing Lines
23:10 Scale Barding Armor
23:15 Forging
25:51 Iron Casting
26:13 Bloodlines
26:03 Husbandry
27:08 Chain Barding Armor
26:37 Horse Collar
28:58 Marauders
29:46 Heavy Plow
39:59 Imperial Age
38:05 Wheelbarrow
37:32 Fletching
38:23 Bodkin Arrow
38:29 Padded Archer Armor
40:52 Bracer
41:58 Chemistry
42:44 Ballistics
42:52 Leather Archer Armor
Bohemio_Antisemilla
5:00 Loom
13:15 Feudal Age
15:17 Double-Bit Axe
15:52 Forging
18:30 Fishing Lines
24:41 Castle Age
22:26 Horse Collar
23:43 Gold Mining
25:33 Medium Warships
25:23 Gillnets
26:31 Town Watch
27:22 Wheelbarrow
29:06 Iron Casting
28:31 Scale Mail Armor
32:02 Fletching
32:20 Scale Barding Armor
32:46 Bloodlines
32:36 Husbandry
34:38 Bow Saw
37:41 Chain Barding Armor
37:34 Light Cavalry
40:28 Light Cavalry
Connection lost

Rejoining the realm…

Still unreachable

The connection could not be restored.

Session expired

The server has moved on; the page needs a fresh start.